[Event "Titled Tuesday Blitz February 15 Early 2022"]
[White "Kett, Tim"]
[Black "Arngrimsson, Dagur"]
[WhiteFideId "1801210"]
[BlackFideId "2301288"]
[WhiteElo "2098"]
[BlackElo "2286"]
[Result "0-1"]
[Round "05"]
[TimeControl "180+1"]
[Date "2022.02.15"]
[WhiteClock "0:00:07"]
[BlackClock "0:00:07"]

1. e4 c5 2. Nf3 d6 3. d4 cxd4 4. Nxd4 Nf6 5. Nc3 g6 6. Be3 Bg7 7. f3 O-O 8. Qd2 Nc6 9. Bc4 Bd7 10. O-O-O Rc8 11. Bb3 Qa5 12. g4 h5 13. h3 Ne5 14. Rhg1 Rxc3 15. Qxc3 Qxc3 16. bxc3 Rc8 17. gxh5 Nxh5 18. f4 Nc4 19. Bxc4 Rxc4 20. f5 Rxc3 21. Kd2 Rc4 22. Kd3 b5 23. fxg6 fxg6 24. Rxg6 Rxd4+ 25. Bxd4 Nf4+ 26. Ke3 Nxg6 27. Bxa7 Bxh3 28. Rg1 Kf7 29. Bd4 Bh6+ 30. Kd3 Nf4+ 31. Kd2 Be6 32. Be3 Bxa2 33. Rh1 Bg5 34. Rg1 Kf6 35. Rg4 e5 36. Rg1 Bf7 37. Rb1 Bg6 38. Rxb5 Bxe4 39. Rb6 Ke6 40. c4 Nh3 41. Bxg5 Nxg5 42. c5 Kd5 43. cxd6 Ke6 44. Ke3 Bf5 45. d7+ Kxd7 46. Rb5 Ke6 47. Ra5 Nf7 48. Ra6+ Nd6 49. Rb6 Kd5 50. Ra6 Nc4+ 51. Kf3 Bd3 52. Ra8 e4+ 53. Kf4 e3 54. Re8 e2 55. Rxe2 Bxe2 56. Kf5 Bd3+ 57. Kf6 Be4 58. Kg5 Ke5 59. Kg4 Ne3+ 60. Kg3 Kf5 61. Kf2 Kf4 62. Ke2 Bc2 63. Kf2 Nd5 64. Ke2 Ke4 65. Kd2 Bd3 66. Kd1 Ke3 67. Kc1 Ke2 68. Kb2 Kd2 69. Kb3 Be2 70. Kb2 Bc4 71. Kb1 Nb4 72. Kb2 Kd3 73. Kb1 Kc3 74. Ka1 Nc2+ 75. Kb1 Bd5 76. Kc1 Ba2 77. Kd1 Nd4 78. Ke1 Kd3 79. Kf2 Be6 80. Ke1 Bg4 81. Kf2 Ke4 82. Ke1 Ke3 83. Kf1 Kf3 84. Ke1 Ke3 85. Kf1 Bf3 86. Ke1 Nf5 87. Kf1 Be2+ 88. Ke1 Bg4 89. Kf1 Nd4 90. Ke1 Nc2+ 91. Kf1 Kf3 92. Kg1 Kg3 93. Kf1 Bd1 94. Kg1 Be2 95. Kh1 Ne3 96. Kg1 Ng4 97. Kh1 Nf2+ 98. Kg1 Nh3+ 99. Kh1 Bf3# 0-1


[Site "https://www.chess.com"]

[Event "Titled Tuesday Blitz February 15 Early 2022"]
[White "Khoroshev, Nikita"]
[Black "Hakobyan, Aram"]
[WhiteFideId "14200287"]
[BlackFideId "13306677"]
[WhiteElo "2354"]
[BlackElo "2557"]
[Result "1-0"]
[Round "05"]
[TimeControl "180+1"]
[Date "2022.02.15"]
[WhiteClock "0:00:20"]
[BlackClock "0:00:02"]

1. d4 e6 2. e4 d5 3. Nc3 Nf6 4. Bg5 h6 5. Bxf6 Qxf6 6. exd5 Bb4 7. dxe6 Bxe6 8. Nf3 O-O 9. Bd3 c5 10. O-O Bxc3 11. bxc3 Bd5 12. c4 Bxf3 13. Qxf3 Qxf3 14. gxf3 cxd4 15. Rab1 Nd7 16. Rxb7 Nc5 17. Rc7 Rfc8 18. Rxc8+ Rxc8 19. Rb1 g6 20. Kg2 Kg7 21. f4 Kf6 22. Kf3 g5 23. a4 Rc7 24. a5 Ne6 25. fxg5+ hxg5 26. Rb8 Nc5 27. Rd8 Ne6 28. Rd5 Ke7 29. Kg4 Rc8 30. h4 gxh4 31. Kxh4 Rg8 32. c5 Kf6 33. c6 Rc8 34. Be4 Rc7 35. Kg3 Ke7 36. Rb5 Kd6 37. Bg2 Nc5 38. Rb4 Ne6 39. Rb5 Nc5 40. Kf4 f6 41. Rb4 Ne6+ 42. Kf5 Rg7 43. Bf3 Rg5+ 44. Kxf6 Rc5 45. Bg4 Nc7 46. Rxd4+ Nd5+ 47. Kf7 Rxc2 48. Bf3 Rxf2 49. Rxd5+ Kxc6 50. Rf5+ Kc7 51. Ke6 Rf1 52. Bd5 1-0


[Site "https://www.chess.com"]

[Event "Titled Tuesday Blitz February 15 Early 2022"]
[White "Khripachenko, Alexander"]
[Black "Timofeev, Artyom"]
[WhiteFideId "54184975"]
[BlackFideId "4140419"]
[WhiteElo "2612"]
[BlackElo "2890"]
[Result "1/2-1/2"]
[Round "05"]
[TimeControl "180+1"]
[Date "2022.02.15"]
[WhiteClock "0:00:12"]
[BlackClock "0:01:00"]

1. e4 c5 2. Nf3 d6 3. d4 cxd4 4. Qxd4 Nc6 5. Qe3 g6 6. h3 Bg7 7. Be2 Nf6 8. O-O O-O 9. c4 b6 10. Nc3 Bb7 11. Rd1 Nd7 12. Rb1 Nc5 13. b4 Nd7 14. a3 Rc8 15. Bb2 Nce5 16. Nd2 a6 17. Rbc1 e6 18. Ba1 Qe7 19. Na4 Rb8 20. f4 Nc6 21. Bxg7 Kxg7 22. Nxb6 Nxb6 23. Qxb6 e5 24. Qe3 Nd4 25. fxe5 dxe5 26. Nf3 Nxf3+ 27. Bxf3 Bc6 28. Be2 Qh4 29. Bf3 Rfd8 30. Qc5 Qf6 31. Rxd8 Rxd8 32. b5 axb5 33. cxb5 Bb7 34. a4 Rd3 35. Rc3 Rd4 36. Rc4 Rd3 37. Rc3 Rd4 38. Rc4 Rd3 39. Rc3 1/2-1/2


[Site "https://www.chess.com"]

[Event "Titled Tuesday Blitz February 15 Early 2022"]
[White "Klukin, Kirill"]
[Black "Todorovic, Bojan"]
[WhiteFideId "24199273"]
[BlackFideId "917087"]
[WhiteElo "2324"]
[BlackElo "2266"]
[Result "1-0"]
[Round "05"]
[TimeControl "180+1"]
[Date "2022.02.15"]
[WhiteClock "0:00:29"]
[BlackClock "0:00:06"]

1. e4 g6 2. Nf3 Bg7 3. d4 d6 4. Bc4 a6 5. a4 e6 6. O-O Ne7 7. c3 Nd7 8. Qe2 b6 9. h3 Bb7 10. Ba2 O-O 11. Bg5 h6 12. Bh4 Nf6 13. Nbd2 Nh5 14. e5 dxe5 15. dxe5 Nf4 16. Qd1 g5 17. Bg3 Nd3 18. Qc2 Nf5 19. Bh2 h5 20. Bc4 Nc5 21. Rad1 g4 22. hxg4 hxg4 23. Nb3 Qe7 24. Nfd4 g3 25. Bxg3 Nxg3 26. fxg3 Qg5 27. Nxc5 bxc5 28. Nf3 Qxg3 29. Qf2 Qg4 30. b3 Rad8 31. Qe3 Rxd1 32. Rxd1 Bxe5 33. Qxe5 Bxf3 34. Rd2 Be4 35. Qxc5 Bf5 36. Qxc7 Qg5 37. Re2 Qc1+ 38. Kf2 Qxc3 39. Qg3+ Kh7 40. Qxc3 1-0


[Site "https://www.chess.com"]

[Event "Titled Tuesday Blitz February 15 Early 2022"]
[White "Klyashtorny, Vladislav"]
[Black "Stefanov, Plamen"]
[WhiteFideId "4170938"]
[BlackFideId "2900980"]
[WhiteElo "2374"]
[BlackElo "2137"]
[Result "1-0"]
[Round "05"]
[TimeControl "180+1"]
[Date "2022.02.15"]
[WhiteClock "0:01:54"]
[BlackClock "0:00:05"]

1. e4 d5 2. exd5 Nf6 3. Nc3 Nxd5 4. g3 Bf5 5. Bg2 c6 6. Nge2 Nb4 7. d3 Bxd3 8. cxd3 Nxd3+ 9. Kf1 e5 10. Be3 f5 11. Qb3 Qc7 12. Qe6+ Be7 13. Qxf5 Nxb2 14. Bh3 Nc4 15. Qc8+ Qxc8 16. Bxc8 O-O 17. Be6+ Kh8 18. Bxc4 b5 19. Be6 Na6 20. Kg2 Nb4 21. Rhd1 Rf6 22. Bb3 Raf8 23. a4 e4 24. axb5 cxb5 25. Nxe4 Rg6 26. Rxa7 Nc6 27. Rc7 Bd8 28. Rcd7 Be7 29. Nf4 Rg4 30. Bd5 Ne5 31. Rxe7 Nc4 32. Bxc4 bxc4 33. Bd4 h5 34. Nxh5 Rxf2+ 35. Nxf2 Rxg3+ 36. hxg3 1-0


[Site "https://www.chess.com"]

[Event "Titled Tuesday Blitz February 15 Early 2022"]
[White "Kopylov, Alexander A."]
[Black "Le, Tuan Minh"]
[WhiteFideId "4164857"]
[BlackFideId "12401153"]
[WhiteElo "2436"]
[BlackElo "2450"]
[Result "0-1"]
[Round "05"]
[TimeControl "180+1"]
[Date "2022.02.15"]
[WhiteClock "0:00:20"]
[BlackClock "0:00:36"]

1. e4 c5 2. Nf3 Nf6 3. Nc3 d5 4. exd5 Nxd5 5. Bb5+ Bd7 6. Bxd7+ Qxd7 7. O-O Nc6 8. d4 e6 9. Nxd5 Qxd5 10. dxc5 Qxc5 11. Be3 Qb5 12. a4 Qa5 13. c3 Be7 14. b4 Qc7 15. a5 O-O 16. Qa4 Bf6 17. a6 b6 18. Rac1 Be7 19. Nd4 Ne5 20. c4 Rac8 21. c5 bxc5 22. bxc5 Ng4 23. g3 Nxe3 24. fxe3 Bxc5 25. Rc3 Qd6 26. Rfc1 Bxd4 27. Rxc8 Bxe3+ 28. Kg2 Bxc1 0-1


[Site "https://www.chess.com"]

[Event "Titled Tuesday Blitz February 15 Early 2022"]
[White "Korkmaz, Necmettin"]
[Black "Wagh Suyog"]
[WhiteFideId "6303285"]
[BlackFideId "25071688"]
[WhiteElo "2094"]
[BlackElo "2181"]
[Result "1-0"]
[Round "05"]
[TimeControl "180+1"]
[Date "2022.02.15"]
[WhiteClock "0:01:01"]
[BlackClock "0:00:56"]

1. e4 e6 2. d4 d5 3. e5 c5 4. c3 Nc6 5. Nf3 Qb6 6. a3 Bd7 7. b4 cxd4 8. cxd4 Nge7 9. Nc3 Nf5 10. Na4 Qd8 11. Bb2 Be7 12. Bd3 O-O 13. O-O Rc8 14. Nc5 b6 15. Nxd7 Qxd7 16. Ba6 Rc7 17. Rc1 Nb8 18. Rxc7 Qxc7 19. Bd3 Rc8 20. g4 Nh4 21. Nxh4 Bxh4 22. f4 Be7 23. f5 Nd7 24. f6 gxf6 25. Qf3 Rf8 26. Qh3 f5 27. gxf5 Kh8 28. fxe6 Rg8+ 29. Kh1 Nf8 30. Rxf7 Rg7 31. Qf5 Qd8 32. Bc1 Ng6 33. Bh6 Rg8 34. Qh5 Bf8 1-0


[Site "https://www.chess.com"]

[Event "Titled Tuesday Blitz February 15 Early 2022"]
[White "Kornyukov, Alexey"]
[Black "Chincholimath, Halsagar"]
[WhiteFideId "4150457"]
[BlackFideId "5022487"]
[WhiteElo "2303"]
[BlackElo "1737"]
[Result "0-1"]
[Round "05"]
[TimeControl "180+1"]
[Date "2022.02.15"]
[WhiteClock "0:02:05"]
[BlackClock "0:02:10"]

1. e4 c6 2. d4 d5 3. Nc3 dxe4 4. Nxe4 Nf6 5. Nxf6+ exf6 6. Nf3 Bd6 7. Bd3 O-O 8. O-O Re8 9. Be3 Bg4 10. h3 Bh5 11. g4 Bg6 12. Bxg6 hxg6 13. Qd2 g5 14. Rfe1 Na6 15. c4 Bb4 16. Qd3 Bxe1 17. Rxe1 Nc7 18. Qd2 Ne6 19. d5 cxd5 20. cxd5 Nf4 21. Bxf4 Rxe1+ 22. Qxe1 gxf4 23. Qd2 Qd6 24. Qa5 Rd8 25. Qxa7 Qxd5 26. Kg2 Qe4 27. Qb6 Rd3 0-1


[Site "https://www.chess.com"]

[Event "Titled Tuesday Blitz February 15 Early 2022"]
[White "Kostiukov, Alexandr"]
[Black "Omariev, Maksim"]
[WhiteFideId "14108100"]
[BlackFideId "4193423"]
[WhiteElo "2202"]
[BlackElo "2497"]
[Result "0-1"]
[Round "05"]
[TimeControl "180+1"]
[Date "2022.02.15"]
[WhiteClock "0:00:46"]
[BlackClock "0:02:01"]

1. g3 d5 2. Bg2 c6 3. d3 Nf6 4. e4 dxe4 5. dxe4 Qxd1+ 6. Kxd1 e5 7. f3 Be6 8. Be3 Nbd7 9. Nd2 Bc5 10. Ke2 Bxe3 11. Kxe3 Nb6 12. Bh3 O-O-O 13. Bxe6+ fxe6 14. a4 a5 15. Nh3 Rd4 16. c3 Rxa4 17. Rxa4 Nxa4 18. Ra1 b5 19. b3 Nxc3 20. Rxa5 Kb7 21. Ng5 Kb6 22. Ra1 Re8 23. Rc1 Na2 24. Ra1 Nb4 25. Nf7 Nc2+ 0-1


[Site "https://www.chess.com"]

[Event "Titled Tuesday Blitz February 15 Early 2022"]
[White "Kovanova, Baira"]
[Black "Moiseenko, Alexander"]
[WhiteFideId "4164083"]
[BlackFideId "14102560"]
[WhiteElo "2498"]
[BlackElo "2737"]
[Result "1/2-1/2"]
[Round "05"]
[TimeControl "180+1"]
[Date "2022.02.15"]
[WhiteClock "0:00:07"]
[BlackClock "0:00:04"]

1. e4 c5 2. Nf3 e6 3. d3 Nc6 4. g3 d5 5. Qe2 Nf6 6. Bg2 Be7 7. O-O b6 8. Re1 Bb7 9. h4 h6 10. c3 O-O 11. e5 Nd7 12. c4 dxc4 13. dxc4 Qc7 14. Nc3 a6 15. Bf4 Nd4 16. Qd3 Nxf3+ 17. Bxf3 Rfd8 18. Nd5 exd5 19. e6 Bd6 20. Bxd6 Qxd6 21. exd7 Rxd7 22. cxd5 Bxd5 23. Rad1 Rad8 24. Qxa6 Qc6 25. Bxd5 Rxd5 26. Rxd5 Rxd5 27. Qe2 Qd7 28. Qf3 Rd2 29. Re2 Rxe2 30. Qxe2 Qd5 31. b3 g6 32. Qc2 Qd4 33. Qe2 Kg7 34. a4 h5 35. Qb5 Qd1+ 36. Kg2 Qd5+ 37. Kg1 Qe6 38. Kg2 f5 39. Kg1 f4 40. gxf4 Qg4+ 41. Kf1 Qxh4 42. Qxb6 Qh1+ 43. Ke2 Qe4+ 44. Kf1 h4 45. Qc7+ Kh6 46. Qe5 Qh1+ 47. Ke2 Kh7 48. Qe7+ Kh6 49. Qe5 Kh7 50. Qe7+ Kh6 51. Qe5 1/2-1/2


[Site "https://www.chess.com"]

[Event "Titled Tuesday Blitz February 15 Early 2022"]
[White "Kozin, Yuri"]
[Black "Shukhman, Anna"]
[WhiteFideId "4129920"]
[BlackFideId "54180058"]
[WhiteElo "2537"]
[BlackElo "1628"]
[Result "1-0"]
[Round "05"]
[TimeControl "180+1"]
[Date "2022.02.15"]
[WhiteClock "0:01:54"]
[BlackClock "0:01:10"]

1. e4 c5 2. Nf3 e6 3. d4 cxd4 4. Nxd4 Nf6 5. Bd3 Nc6 6. Nb3 d5 7. exd5 exd5 8. O-O Bd6 9. Nc3 O-O 10. Bg5 h6 11. Bh4 Be6 12. Bg3 Ne5 13. Be2 Nc6 14. Nb5 Bxg3 15. hxg3 Ne4 16. N5d4 Qf6 17. Bf3 Rac8 18. c3 Ne5 19. Nxe6 Qxe6 20. Re1 Rcd8 21. Nd4 Qg6 22. Qc2 Nxf3+ 23. gxf3 Nc5 24. Qxg6 fxg6 25. Re7 Rxf3 26. Nxf3 1-0


[Site "https://www.chess.com"]

[Event "Titled Tuesday Blitz February 15 Early 2022"]
[White "Kraus, Tomas"]
[Black "Komissarov, Alexey"]
[WhiteFideId "331708"]
[BlackFideId "4176545"]
[WhiteElo "2389"]
[BlackElo "2216"]
[Result "1-0"]
[Round "05"]
[TimeControl "180+1"]
[Date "2022.02.15"]
[WhiteClock "0:01:24"]
[BlackClock "0:00:21"]

1. e4 e5 2. Nf3 Nc6 3. Nc3 Nf6 4. d4 exd4 5. Nxd4 Bc5 6. Nb3 Bb6 7. Bd3 d6 8. h3 h6 9. O-O Be6 10. Qe2 Qe7 11. Be3 Bxe3 12. Qxe3 O-O-O 13. Bb5 Kb8 14. Bxc6 bxc6 15. a4 g5 16. a5 h5 17. a6 h4 18. Ra4 Ka8 19. Na5 Bd7 20. Rb4 Rb8 21. Rb7 c5 22. b4 g4 23. bxc5 gxh3 24. cxd6 1-0


[Site "https://www.chess.com"]

[Event "Titled Tuesday Blitz February 15 Early 2022"]
[White "Krysa, Leandro"]
[Black "Svane, Frederik"]
[WhiteFideId "116807"]
[BlackFideId "12923044"]
[WhiteElo "2490"]
[BlackElo "2459"]
[Result "1-0"]
[Round "05"]
[TimeControl "180+1"]
[Date "2022.02.15"]
[WhiteClock "0:00:02"]
[BlackClock "0:00:03"]

1. e4 c5 2. Nf3 d6 3. d4 cxd4 4. Nxd4 Nf6 5. Nc3 Nc6 6. Bg5 e6 7. Qd2 a6 8. O-O-O Bd7 9. f4 Be7 10. Kb1 h6 11. Bxf6 Bxf6 12. Nf3 Be7 13. f5 exf5 14. exf5 Bxf5 15. Bc4 O-O 16. Rhe1 Rc8 17. Nd5 Re8 18. Bb3 Bf8 19. Rf1 Na5 20. Nd4 Nxb3 21. axb3 Be4 22. Nc3 Bg6 23. Nf5 Qa5 24. g4 d5 25. Nxd5 Qc5 26. Rf3 b5 27. h4 Rcd8 28. h5 Bh7 29. Rd3 Rc8 30. c3 a5 31. Qf4 b4 32. c4 a4 33. bxa4 Qxc4 34. Qxc4 Rxc4 35. Rd4 Re4 36. Rxc4 Rxc4 37. Ka2 Rxg4 38. Nde7+ Bxe7 39. Nxe7+ Kf8 40. Nc6 Bf5 41. Rd8# 1-0


[Site "https://www.chess.com"]

[Event "Titled Tuesday Blitz February 15 Early 2022"]
[White "Kurbonboeva, Sarvinoz"]
[Black "Maltsevskaya, Aleksandra"]
[WhiteFideId "14201780"]
[BlackFideId "24174041"]
[WhiteElo "2054"]
[BlackElo "2283"]
[Result "0-1"]
[Round "05"]
[TimeControl "180+1"]
[Date "2022.02.15"]
[WhiteClock "0:00:01"]
[BlackClock "0:00:22"]

1. d4 Nf6 2. c4 c5 3. d5 b5 4. cxb5 a6 5. bxa6 e6 6. Nc3 exd5 7. Nxd5 Be7 8. Nxe7 Qxe7 9. Nf3 O-O 10. e3 Rxa6 11. Bc4 d5 12. Bb5 Rb6 13. a4 Ba6 14. Bxa6 Nxa6 15. O-O Ra8 16. Bd2 Nb4 17. Bc3 h6 18. Re1 Qe6 19. Qe2 Ne4 20. a5 Rba6 21. Bxb4 cxb4 22. Nd4 Qd7 23. f3 Nd6 24. Qd2 Qb7 25. Nb3 Qb5 26. Red1 Qe8 27. Qxd5 Qxe3+ 28. Kh1 Qf2 29. Nc5 Qxb2 30. Nxa6 Rxa6 31. Qd3 Rc6 32. a6 Nc8 33. a7 Nxa7 34. Rxa7 g6 35. Qd8+ Kg7 36. Qd7 Rf6 37. Qd4 Qe2 38. Ra6 Qxa6 39. h3 Qe2 40. Rd2 Qe1+ 41. Kh2 b3 42. Rb2 Qa1 43. Qc3 h5 44. Rxb3 Qa7 45. Rb2 h4 46. Rc2 Qb8+ 0-1


[Site "https://www.chess.com"]

[Event "Titled Tuesday Blitz February 15 Early 2022"]
[White "Lauridsen, Jesper Morch"]
[Black "Ozdemir, Serhan Berat"]
[WhiteFideId "1401890"]
[BlackFideId "6374611"]
[WhiteElo "2194"]
[BlackElo "1920"]
[Result "1-0"]
[Round "05"]
[TimeControl "180+1"]
[Date "2022.02.15"]
[WhiteClock "0:00:06"]
[BlackClock "0:00:06"]

1. e4 c5 2. d4 cxd4 3. c3 d5 4. exd5 Nf6 5. Bb5+ Bd7 6. Bc4 b5 7. Bb3 Qb6 8. Nf3 Bg4 9. h3 Bxf3 10. Qxf3 Nbd7 11. O-O Rc8 12. cxd4 g6 13. Re1 Bg7 14. Nc3 a6 15. d6 Qxd6 16. Bf4 Qb6 17. Nd5 Nxd5 18. Qxd5 O-O 19. Qxd7 e6 20. Qd6 Qxd4 21. Qxd4 Bxd4 22. Be5 Bxe5 23. Rxe5 Rfd8 24. g3 Rd2 25. Rb1 Kg7 26. Kg2 Kf6 27. Ree1 h5 28. Red1 Re2 29. Kf3 Re5 30. Rbc1 Rf5+ 31. Kg2 Ra8 32. Rc7 Kg7 33. f4 Rf6 34. Rdd7 h4 35. g4 Rxf4 36. Bxe6 Rf8 37. Bd5 Rb4 38. b3 Kh6 39. Rxf7 Kg5 40. Rxf8 Rd4 41. Rd8 Kf4 42. Rf7+ Ke3 43. Re8+ Kd2 44. Rf2+ Kc3 45. Rc8+ Kb4 46. Bf7 Ka5 47. Bxg6 Rb4 48. Bf5 Rd4 49. g5 Rd6 50. g6 Rd7 51. Rg8 Rg7 52. Rxg7 1-0


[Site "https://www.chess.com"]

[Event "Titled Tuesday Blitz February 15 Early 2022"]
[White "Lazavik, Denis"]
[Black "Davtyan, Artur"]
[WhiteFideId "13515110"]
[BlackFideId "13308327"]
[WhiteElo "2436"]
[BlackElo "2311"]
[Result "1/2-1/2"]
[Round "05"]
[TimeControl "180+1"]
[Date "2022.02.15"]
[WhiteClock "0:00:05"]
[BlackClock "0:00:08"]

1. d4 d5 2. c4 e6 3. Nf3 Nf6 4. g3 dxc4 5. Bg2 Nc6 6. Qa4 Bb4+ 7. Bd2 Nd5 8. Bxb4 Nxb4 9. O-O Rb8 10. Nc3 a6 11. Ne5 Qxd4 12. Nxc6 Nxc6 13. Bxc6+ bxc6 14. Qxc6+ Qd7 15. Qxc4 O-O 16. Rfd1 Qe7 17. b3 Bb7 18. Rac1 Rfd8 19. Na4 h6 20. f3 Rxd1+ 21. Rxd1 Rd8 22. Rxd8+ Qxd8 23. Kf2 Qd6 24. Nc5 Bd5 25. Qc3 Qb6 26. Qe3 a5 27. Nd3 Qd6 28. Qc5 Qb6 29. Ke3 f6 30. Kd4 Kf7 31. Kc3 Ke8 32. Kb2 Bc6 33. Qc3 Bb5 34. Nf4 Kf7 35. Qd2 g5 36. Nd3 Qd4+ 37. Qc3 Qd6 38. Nc1 Qb6 39. Qd2 a4 40. b4 Qc6 41. a3 Qd6 42. Qxd6 cxd6 43. e3 Bc4 44. Na2 Ke7 45. Nc3 Bb3 46. Kc1 f5 47. Kd2 Kd7 48. f4 g4 49. e4 Kc6 50. exf5 exf5 51. Kd3 Be6 52. Kd4 Bb3 53. Ne2 Be6 54. Nc1 Bd7 55. Nd3 Be6 56. Nb2 Bb3 57. Nc4 Kc7 58. Ne3 Be6 59. Nd5+ Kc6 60. Nf6 Kb5 61. Ne8 Kc6 62. Ng7 Bd7 63. Nh5 Be8 64. Nf6 Bf7 65. Nh7 Bg8 66. Nf8 Bf7 67. Nh7 Bg8 68. Nf6 Bf7 69. Nh7 1/2-1/2


[Site "https://www.chess.com"]

[Event "Titled Tuesday Blitz February 15 Early 2022"]
[White "Leve, Nitai"]
[Black "Do Valle Cardoso, Lucas"]
[WhiteFideId "2006898"]
[BlackFideId "2163144"]
[WhiteElo "2144"]
[BlackElo "2357"]
[Result "0-1"]
[Round "05"]
[TimeControl "180+1"]
[Date "2022.02.15"]
[WhiteClock "0:00:17"]
[BlackClock "0:01:47"]

1. e4 e5 2. Nf3 Nc6 3. Bb5 f5 4. Nc3 fxe4 5. Bxc6 dxc6 6. Nxe5 Nf6 7. d4 exd3 8. Qxd3 Bd6 9. Bf4 O-O 10. Qc4+ Nd5 11. Nxd5 Be6 12. O-O-O cxd5 13. Qd4 c5 14. Qd2 Qf6 15. Bg5 Qxe5 16. Rhe1 Qf5 0-1


[Site "https://www.chess.com"]

[Event "Titled Tuesday Blitz February 15 Early 2022"]
[White "Levitskiy, Andrey"]
[Black "Tay, Junior"]
[WhiteFideId "14132885"]
[BlackFideId "5800439"]
[WhiteElo "2301"]
[BlackElo "2216"]
[Result "1-0"]
[Round "05"]
[TimeControl "180+1"]
[Date "2022.02.15"]
[WhiteClock "0:00:09"]
[BlackClock "0:00:20"]

1. e4 e5 2. Nf3 Nf6 3. Nxe5 Nc6 4. Nxc6 dxc6 5. d3 Bc5 6. Be2 h5 7. Be3 Bxe3 8. fxe3 Ng4 9. Bxg4 hxg4 10. g3 Qg5 11. Qe2 Be6 12. Nc3 O-O-O 13. O-O-O Qa5 14. a3 Rh5 15. d4 b5 16. d5 cxd5 17. Nxb5 dxe4 18. Rxd8+ Kxd8 19. Nd4 Bd7 20. Rd1 Kc8 21. Qc4 Qd5 22. Qc3 Qc5 23. Qb3 Be8 24. Rd2 Rh6 25. c3 Rf6 26. Qd1 Kb7 27. Kb1 Qc4 28. Ne2 Ba4 29. Qe1 Bb3 30. Rd4 Qa6 31. Rb4+ Kc8 32. Rxb3 Qd3+ 33. Ka2 Rf3 34. Nf4 Qc4 35. Qe2 Qxe2 36. Nxe2 Rxe3 37. Nd4 Rd3 38. Rb5 f6 39. Rf5 e3 40. Rf1 c5 41. Nf5 e2 42. Re1 Rd2 43. Ne3 g6 44. Nc4 f5 45. Nxd2 f4 46. gxf4 g3 47. hxg3 g5 48. Rxe2 gxf4 49. gxf4 Kd7 50. Nc4 Kc6 51. Kb3 Kd5 52. Re6 a5 53. Re5+ Kc6 54. a4 Kd7 55. f5 Kc6 56. f6 1-0


[Site "https://www.chess.com"]

[Event "Titled Tuesday Blitz February 15 Early 2022"]
[White "Liyanage, Ranindu Dilshan"]
[Black "Eynullayev, Atilla"]
[WhiteFideId "9915834"]
[BlackFideId "13413570"]
[WhiteElo "1858"]
[BlackElo "1979"]
[Result "0-1"]
[Round "05"]
[TimeControl "180+1"]
[Date "2022.02.15"]
[WhiteClock "0:00:01"]
[BlackClock "0:00:09"]

1. e4 c5 2. Nf3 e6 3. d4 cxd4 4. Nxd4 Nc6 5. Nc3 a6 6. Be3 Nf6 7. f4 Bb4 8. Bd3 e5 9. fxe5 Nxe5 10. Nf5 O-O 11. O-O Neg4 12. Bd4 d5 13. e5 Qc7 14. Nxg7 Kxg7 15. exf6+ Kh8 16. g3 Bc5 17. Bf5 Ne3 18. Bxe3 Bxe3+ 19. Kg2 d4 20. Bxh7 Kxh7 21. Qd3+ Kh8 22. Ne2 Qc6+ 23. Rf3 Bg4 24. Rf1 Rae8 25. h3 Bxf3+ 26. Rxf3 Qe4 27. Qc4 Rc8 28. Qb4 Rg8 29. g4 Rxc2 30. Kf1 Qxf3+ 0-1


[Site "https://www.chess.com"]

[Event "Titled Tuesday Blitz February 15 Early 2022"]
[White "Ljukin, Sergei"]
[Black "Harshavardhan G B"]
[WhiteFideId "14102200"]
[BlackFideId "25059009"]
[WhiteElo "2312"]
[BlackElo "1831"]
[Result "1/2-1/2"]
[Round "05"]
[TimeControl "180+1"]
[Date "2022.02.15"]
[WhiteClock "0:00:04"]
[BlackClock "0:00:14"]

1. e4 c5 2. Nf3 d6 3. d4 cxd4 4. Nxd4 Nf6 5. Nc3 a6 6. Bg5 e6 7. f4 Be7 8. Qf3 Qc7 9. O-O-O Nbd7 10. g4 b5 11. Bxf6 Nxf6 12. g5 Nd7 13. f5 O-O 14. h4 Bb7 15. fxe6 fxe6 16. Nxe6 Rxf3 17. Nxc7 Raf8 18. N7d5 Bd8 19. Be2 Rf2 20. Rhf1 Ne5 21. Rxf2 Rxf2 22. Rf1 Rxf1+ 23. Bxf1 Ng6 24. h5 Bxg5+ 25. Kd1 Ne5 26. a4 bxa4 27. Nxa4 Kf7 28. c4 g6 29. hxg6+ Kxg6 30. c5 Nf7 31. Bd3 Kg7 32. Nb4 dxc5 33. Nxc5 Bc8 34. Bxa6 Bh3 35. Be2 Ne5 36. Nd5 Kg6 37. b4 h5 38. b5 h4 39. b6 Bg2 40. b7 Nc6 41. Bg4 h3 42. Bxh3 Bxh3 43. Na6 Bg2 44. b8=Q Nxb8 45. Nxb8 Bxe4 46. Nb4 Be7 47. N8c6 Bc5 48. Kd2 Kf6 49. Kc3 Bd6 50. Nd4 Ke5 51. Nd3+ Kd5 52. Nb4+ Kc5 53. Nd3+ Kb6 54. Nb2 Bf8 55. Nc4+ Kc5 56. Nb3+ Kd5 57. Ne3+ Ke5 58. Nc4+ Kf4 59. Nd4 Bg7 60. Nd2 Bd5 61. Kd3 Bf7 62. Ne2+ Ke5 63. Nd4 Bg6+ 64. Kc4 Bf7+ 65. Kd3 Kd5 66. N2f3 Bg6+ 67. Ke3 Be4 68. Ne2 Bh6+ 69. Kf2 Bh7 70. Ng3 Ke6 71. Nh4 Bf8 72. Nf3 Kf6 73. Kg2 Bd6 74. Kf2 Ke6 75. Kg2 Kd5 76. Kf2 Kc4 77. Ne2 Kd3 78. Ne1+ Ke4 79. Nf3 Bc5+ 80. Kg2 Ke3 81. Neg1 Be4 82. Kg3 Bd6+ 83. Kg2 Bf4 84. Kf1 Bg3 85. Kg2 Bf2 86. Kf1 Bb7 87. Kg2 Bc6 88. Kf1 Bg3 89. Kg2 Bd6 90. Kf1 Kf4 91. Kg2 Kg4 92. Kf2 Bc5+ 93. Kg2 Kf4 94. Kh2 Be3 95. Kg2 Kg4 1/2-1/2


[Site "https://www.chess.com"]

[Event "Titled Tuesday Blitz February 15 Early 2022"]
[White "Lohani, Sujana"]
[Black "Van den Dikkenberg, Erik"]
[WhiteFideId "12311987"]
[BlackFideId "1005880"]
[WhiteElo "1691"]
[BlackElo "2118"]
[Result "0-1"]
[Round "05"]
[TimeControl "180+1"]
[Date "2022.02.15"]
[WhiteClock "0:00:01"]
[BlackClock "0:00:17"]

1. d4 Nf6 2. Nf3 g6 3. c4 Bg7 4. Nc3 d6 5. e4 O-O 6. Be2 e5 7. O-O Nc6 8. d5 Ne7 9. Ne1 Nd7 10. f4 exf4 11. Bxf4 Ne5 12. Nd3 Nxc4 13. Bg5 Nxb2 14. Nxb2 Bxc3 15. Qc2 Bg7 16. Rac1 f6 17. Be3 c6 18. dxc6 bxc6 19. Nc4 d5 20. Nd2 Kh8 21. Bc5 Be6 22. Rcd1 Qd7 23. Nb3 Rad8 24. Bxe7 Qxe7 25. Qxc6 dxe4 26. Qxe4 Rxd1 27. Rxd1 f5 28. Qf3 Rd8 29. Rxd8+ Qxd8 30. Qb7 a5 31. Nc5 Bd4+ 32. Kf1 Bxc5 33. Qb2+ Qd4 34. Qb8+ Kg7 35. Ke1 Bb4+ 36. Kf1 Bf7 37. g3 Bc5 38. Ke1 Qf2+ 39. Kd1 Qd4+ 40. Ke1 Bxa2 41. Qc7+ Bf7 42. Qb7 a4 43. Qb1 a3 44. Qc2 a2 0-1


[Site "https://www.chess.com"]

[Event "Titled Tuesday Blitz February 15 Early 2022"]
[White "Lopez Del Alamo, Antonio"]
[Black "Kuznecovs, Nikita"]
[WhiteFideId "2227339"]
[BlackFideId "11604557"]
[WhiteElo "2082"]
[BlackElo "2127"]
[Result "0-1"]
[Round "05"]
[TimeControl "180+1"]
[Date "2022.02.15"]
[WhiteClock "0:02:31"]
[BlackClock "0:02:43"]

1. e4 e6 2. d3 d5 3. Nd2 Nf6 4. Ngf3 c5 5. g4 Nxg4 6. Rg1 Nf6 7. e5 Nfd7 8. Bh3 Nc6 9. Qe2 Qc7 10. c3 Ndxe5 11. Nxe5 Qxe5 12. Qxe5 Nxe5 13. Ke2 b6 0-1


[Site "https://www.chess.com"]

[Event "Titled Tuesday Blitz February 15 Early 2022"]
[White "Magallanes, Rey Jomar"]
[Black "Al-Tarboush, Ward"]
[WhiteFideId "5205948"]
[BlackFideId "7601450"]
[WhiteElo "2225"]
[BlackElo "2276"]
[Result "0-1"]
[Round "05"]
[TimeControl "180+1"]
[Date "2022.02.15"]
[WhiteClock "0:00:02"]
[BlackClock "0:00:14"]

1. d4 d5 2. c4 c6 3. Nc3 Nf6 4. e3 e6 5. Nf3 Nbd7 6. Qc2 Bd6 7. g4 Nxg4 8. Rg1 Nxh2 9. Nxh2 Bxh2 10. Rxg7 Nf8 11. Rg2 Bd6 12. Bd2 Ng6 13. cxd5 exd5 14. Be2 Bh3 15. Rg1 Qd7 16. O-O-O Bf5 17. Qa4 a6 18. f3 O-O-O 19. e4 Be6 20. Kb1 h5 21. Rc1 Kb8 22. e5 Bc7 23. Qb3 b5 24. a4 Kb7 25. axb5 Bf5+ 26. Ka1 axb5 27. Nxb5 cxb5 28. Bxb5 Ra8+ 29. Ba6+ Kxa6 30. Rc5 Bb6 31. Rgc1 Kb7+ 32. Ba5 Ra6 33. Ka2 Rha8 34. Rc7+ Qxc7 35. Rxc7+ Kxc7 36. Qc3+ Kb7 37. b4 Bxa5 38. bxa5 Rxa5+ 39. Kb2 Ra2+ 40. Kc1 Ra1+ 41. Kd2 R8a2+ 42. Ke3 Ra3 43. e6 Rxc3+ 44. Kf2 Ra2+ 45. Kg3 h4# 0-1


[Site "https://www.chess.com"]